 Dungeon Crawl Stone Soup version 0.18.1-8-gdd0e5ea (webtiles) character file.

224 taran the Poker (level 6, -4/44 HPs)
             Began as a Merfolk Skald on June 5, 2016.
             Was an Initiate of Ru.
             Slain by an ogre
             ... wielding a +0 giant club
              (15 damage)
             ... on level 4 of the Dungeon on June 6, 2016.
             The game lasted 00:42:53 (3346 turns).

taran the Poker (Merfolk Skald)                     Turns: 3346, Time: 00:42:54

Health: -4/44      AC:  4    Str: 12    XL:     6   Next: 0%
Magic:  9/9        EV: 11    Int: 12    God:    Ru [......]
Gold:   138        SH:  0    Dex: 15    Spells: 1 memorised, 8 levels left

rFire  . . .     SeeInvis .     x - +0 blowgun
rCold  . . .     Gourm    .     b - +0 leather armour
rNeg   . . .     Faith    .     (no shield)
rPois  .         Spirit   .     v - +0 helmet
rElec  .         Dismiss  .     (no cloak)
rCorr  .         Reflect  .     (no gloves)
SustAt .         Harm     .     (no boots)
MR     .....                    (no amulet)
Stlth  +.........               (no ring)
                                (no ring)

@: not resistant to hostile enchantments, very unstealthy
A: change form in water, swift swim
a: Renounce Religion


You were on level 4 of the Dungeon.
You worshipped Ru.
Ru was noncommittal.
You were hungry.

You visited 1 branch of the dungeon, and saw 4 of its levels.

You collected 138 gold pieces.

Inventory:

Hand Weapons
 a - a +0 spear
 f - a +0 dagger of venom
 k - a cursed -1 dagger
 t - a +1 dagger of freezing
 x - a +0 blowgun (weapon)
Missiles
 i - 88 stones
 n - 10 poisoned needles (quivered)
Armour
 b - a +0 leather armour (worn)
 e - a +0 large shield
 v - a +0 helmet (worn)
Scrolls
 j - a scroll of enchant armour {unknown}
 l - a scroll of remove curse {unknown}
 m - a scroll of amnesia
 p - a scroll of immolation
 w - a scroll of fear {unknown}
 y - a scroll of blinking {unknown}
Potions
 h - a potion of lignification {unknown}
 o - a potion of agility {unknown}
 r - a potion of magic
 s - a potion of might {unknown}
 u - 4 potions of flight
 z - 2 potions of mutation
 B - a potion of degeneration {unknown}
Books
 c - a book of Battle

   Spells                             Type                      Level
   a - Infusion                       Charms                       1
   b - Shroud of Golubria             Charms/Translocation         2
   c - Song of Slaying                Charms                       2
   d - Spectral Weapon                Hexes/Charms                 3
   e - Regeneration                   Charms/Necromancy            3
Comestibles
 d - 6 bread rations
 g - 3 meat rations
 q - 3 beef jerkies
 A - a royal jelly


   Skills:
 - Level 2.2 Fighting
 + Level 7.3 Polearms
 + Level 2.7 Throwing
 - Level 0.6 Armour
 - Level 1.3 Dodging
 - Level 2.1 Spellcasting
 - Level 3.4 Charms


You had 8 spell levels left.
You knew the following spells:

 Your Spells              Type           Power        Failure   Level  Hunger
a - Infusion              Chrm           #...         12%         1    ##.....


Dungeon Overview and Level Annotations

Branches:
Dungeon (4/15)             Temple (0/1) D:4

Altars:
Ru
Trog

Annotations:
D:3 Sigmund


Message History

The ogre is lightly wounded.
Firing (i - inventory. (,) - cycle):
n - 12 poisoned needles (quivered)
Press: ? - help, Shift-Dir - straight line, f/p - ogre
Aim: an ogre, wielding a giant club (heavily wounded, poisoned)
You shoot a poisoned needle.
The poisoned needle barely misses the ogre.
The ogre hits you with a giant club!!
Ouch! That really hurt!
* * * LOW HITPOINT WARNING * * *
The ogre looks more healthy.
There is an open door here.
Unknown command.
Firing (i - inventory. (,) - cycle):
n - 11 poisoned needles (quivered)
Press: ? - help, Shift-Dir - straight line, f/p - ogre
Aim: an ogre, wielding a giant club (severely wounded)
You shoot a poisoned needle. The poisoned needle hits the ogre!
The ogre is poisoned.
The ogre is severely wounded.
The ogre hits you with a giant club!
You die...

#.....# #.(......#
#.....# #........#
#.###.######........#
#............(......#
#.###.#######'#.#####
#.# #.#.# #.# #.#.#
#.#######.#.#
#......@O(#.#
###########.# ..# ###


You could see an ogre.

Vanquished Creatures
  An ogre (D:4)
  An orc wizard (D:4)
  An adder (D:2)
  A gnoll (D:3)
  2 worms
  3 dart slugs
  7 giant geckos
  4 orcs
  8 bats
  2 giant cockroaches
  5 goblins
  10 hobgoblins
  7 jackals
  2 giant newts
  8 kobolds
  7 rats
69 creatures vanquished.

Notes
Turn   | Place    | Note
--------------------------------------------------------------
     0 | D:1      | taran the Merfolk Skald began the quest for the Orb.
     0 | D:1      | Reached XP level 1. HP: 16/16 MP: 3/3
    68 | D:1      | Reached XP level 2. HP: 22/22 MP: 0/5
   214 | D:1      | Reached skill level 4 in Polearms
   426 | D:1      | Reached XP level 3. HP: 26/27 MP: 2/6
   608 | D:2      | Reached skill level 5 in Polearms
  1168 | D:2      | Reached XP level 4. HP: 30/33 MP: 0/7
  1395 | D:2      | Reached skill level 6 in Polearms
  1430 | D:3      | Noticed Sigmund
  1660 | D:3      | Found a bloodstained altar of Trog.
  2144 | D:3      | Reached skill level 1 in Throwing
  2868 | D:4      | Reached XP level 5. HP: 34/38 MP: 8/8
  2933 | D:4      | Found a sacrificial altar of Ru.
  2969 | D:4      | Became a worshipper of Ru the Awakened
  3118 | D:4      | Found a staircase to the Ecumenical Temple.
  3119 | D:4      | Noticed an ogre
  3169 | D:4      | Killed an ogre
  3169 | D:4      | Reached skill level 7 in Polearms
  3169 | D:4      | Reached XP level 6. HP: 44/44 MP: 9/9
  3346 | D:4      | Slain by an ogre

Skill      XL: |  1  2  3  4  5 |
---------------+----------------+-----
Polearms       | 4 5 6 7 |  7.3
Throwing       | 1 2 |  2.7
Fighting       | |  2.2
Armour         | |  0.6
Dodging        | |  1.3
Spellcasting   | |  2.1
Charms         | |  3.4

Action                   |  1- 3 |  4- 6 || total
-------------------------+-------+-------++-------
Melee: Spear             |   125 |    74 ||   199
 Fire: Blowgun           |       |    78 ||    78
Throw: Stone             |     5 |     9 ||    14
 Cast: Infusion          |    10 |     3 ||    13
  Use: Scroll            |       |     4 ||     4
       Potion            |       |     4 ||     4
 Stab: Sleeping          |       |     1 ||     1
  Eat: Chunk             |     1 |     5 ||     6
       Pizza             |       |     1 ||     1
Armor: Leather armour    |    21 |     7 ||    28
Dodge: Dodged            |    27 |    25 ||    52
Block: Large shield      |     6 |       ||     6
